 Dungeon Crawl Stone Soup version 0.30.0-11-gf55b779eaf (webtiles) character file.

Game seed: 18230386733473362144

292 Jackthecabe the Sneak (level 6, -6/35 HPs)
             Began as a Kobold Brigand on May 16, 2023.
             Mangled by an ice beast (10 damage)
             ... on level 4 of the Dungeon.
             The game lasted 00:06:19 (4097 turns).

Jackthecabe the Sneak (Kobold Brigand)              Turns: 4097, Time: 00:06:19

Health: -6/35      AC:  7    Str:  8    XL:     6   Next: 59%
Magic:  6/6        EV: 12    Int: 13    God:
Gold:   87         SH:  0    Dex: 18    Spells: 5/5 levels left

rFire   . . .        a - +2 dagger
rCold   . . .        (no shield)
rNeg    . . .        m - +0 ring mail
rPois   .            (no helmet)
rElec   .            c - +0 cloak
rCorr   .            (no gloves)
SInv    .            B - +0 pair of boots
Will    .....        (no amulet)
Stlth   ++++         (no ring)
HPRegen 0.25/turn    (no ring)
MPRegen 0.10/turn

%: no passive effects
@: no status effects
A: small, no large weapons, nightstalker 3
a: no special abilities


You were on level 4 of the Dungeon.
You visited 2 branches of the dungeon, and saw 5 of its levels.

You collected 143 gold pieces.
You spent 56 gold pieces at shops.


Innate Abilities, Weirdness & Mutations

You are small and have problems with some larger weapons.
You are completely attuned to the shadows.


   Skills:
 - Level 2.1 Fighting
 * Level 7.2 Short Blades
 - Level 2.1 Throwing
 - Level 1.2 Dodging
 + Level 7.3 Stealth


You had 5 spell levels left.
You didn't know any spells.
Your spell library contained the following spells:

 Spells                   Type           Power      Damage    Failure   Level
 Beastly Appendage        Tmut           0%         N/A       67%         1
 Kiss of Death            Conj/Necr      0%         2d5       67%         1
 Shock                    Conj/Air       0%         1d3       67%         1
 Slow                     Hex            0%         N/A       67%         1
 Lesser Beckoning         Tloc           0%         N/A       82%         2
 Confusing Touch          Hex            0%         N/A       96%         3
 Gell's Gravitas          Tloc           0%         N/A       96%         3
 Teleport Other           Tloc           0%         N/A       96%         3
 Vampiric Draining        Necr           0%         2d6       96%         3
 Dispel Undead            Necr           0%         3d6       100%        4
 Iskenderun's Mystic Bla  Conj/Tloc      0%         2d3       100%        4
 Blade Hands              Tmut           0%         N/A       100%        5
 Spellforged Servitor     Conj/Summ      0%         N/A       100%        7

Inventory:

Hand Weapons
 a - a +2 dagger (weapon)
 t - a +0 dagger of flaming
 x - a +2 short sword of holy wrath
 D - a +0 rapier
Missiles
 d - 9 poisoned darts (quivered)
 e - 3 curare-tipped darts {=f}
Armour
 b - a +0 robe
 c - a +0 cloak (worn)
 l - a +0 leather armour
 m - a +0 ring mail (worn)
 B - a +0 pair of boots (worn)
Scrolls
 g - a scroll of immolation
 n - 3 scrolls of teleportation {@r2}
 q - 2 scrolls of vulnerability {unknown}
 r - a scroll of enchant armour {unknown}
 s - a scroll of enchant weapon {unknown}
 u - a scroll of poison {unknown}
 v - 2 scrolls of identify {@r1}
 w - a scroll of brand weapon {unknown}
 y - a scroll of fear {unknown}
Potions
 f - 3 potions of curing {@q1}
 h - a potion of brilliance {unknown}
 i - a potion of invisibility {unknown}
 j - a potion of mutation {unknown}
 k - a potion of resistance {unknown}
 o - a potion of cancellation {unknown}
 p - a potion of heal wounds {@q2}
 z - a potion of experience {unknown}
 A - a potion of attraction {unknown}
 C - a potion of might {unknown}
 E - a potion of lignification {unknown}
 F - a potion of magic {unknown}

Dungeon Overview and Level Annotations

Branches:
Dungeon (4/15)             Temple (1/1) D:4

Altars:
Ashenzari
Cheibriados
Dithmenos
Elyvilon
Fedhas
Gozag
Hepliaklqana
Makhleb
Nemelex Xobeh
Qazlal
Ru
Sif Muna
Trog
Vehumet
Wu Jian
Zin
The Shining One

Shops:
D:2 [:(*

Annotations:
D:3 2 transporters, Darkkill's ghost, weakling MiHu

####
#.@#
#.#YZ.#
#.#####
#..#
####
##.#
#..#
#.#
#...
#.#
#...
#.#
#...
#.#
#...


You could see a ghost-faced bat and an ice beast.


Message History

You barely miss the ice beast. You hit the ice beast but do no damage.
The ice beast hits you but does no damage.
You hit the ice beast but do no damage.
The ice beast hits you but does no damage.
You hit the ice beast but do no damage. You hit the ice beast.
The ice beast is lightly wounded.
The ice beast hits you but does no damage.
You hit the ice beast.
The ice beast is lightly wounded.
You hit the ice beast.
The ice beast is moderately wounded.
The ice beast hits you. The ice beast freezes you!
You hit the ice beast but do no damage.
The ice beast is moderately wounded.
The ice beast barely misses you.
You hit the ice beast.
The ice beast is moderately wounded.
You barely miss the ice beast.
The ice beast is moderately wounded.
The ice beast hits you. The ice beast freezes you!
* * * LOW HITPOINT WARNING * * *
You hit the ice beast but do no damage.
The ice beast is moderately wounded.
The ice beast hits you but does no damage.
The ice beast attacks as you move away! The ice beast hits you.
* * * LOW HITPOINT WARNING * * *
The ice beast freezes you!
You die...

Skill      XL: |  1  2  3  4  5  6 |
---------------+-------------------+-----
Short Blades   | 3 4 5 6 7 |  7.2
Stealth        | 6 7 |  7.3
Fighting       | |  2.1
Throwing       | |  2.1
Dodging        | |  1.2

Action                     |  1- 3 |  4- 6 || total
---------------------------+-------+-------++-------
  Melee: Dagger            |   118 |   270 ||   388
         Punch             |     1 |     2 ||     3
  Throw: Dart              |       |     2 ||     2
    Use: Scroll            |       |     4 ||     4
   Stab: Sleeping          |    11 |    18 ||    29
 Armour: Robe              |    21 |       ||    21
         Ring mail         |    15 |    71 ||    86
  Dodge: Dodged            |   112 |   122 ||   234

Levels and vault maps discovered:
D:1:      lemuel_arrival_tunnels, layout_basic,
          shapermc_ecumenical_altar_mp_vishouse, minmay_worlds_worst_comb
D:2:      minmay_angry_zag, layout_basic, serial_shops, shop,
          nicolae_shop_peninsula, shop, shop
D:3:      layout_basic, lemuel_round_altar, gammafunk_ghost_mausoleum,
          serial_co_window_serial, co_window_paths_a, co_window_paths_a,
          co_window_of_opportunity_a, co_window_paths_b, co_window_paths_a,
          co_window_cross_1, co_window_of_opportunity_c, co_window_paths_c,
          co_window_paths_c, co_window_paths_c, co_window_paths_e,
          co_window_4corner_b, glass_columns_b, roderic_st_hans_cross
D:4:      layout_gridville, minmay_temple_entry_offerings, minivault_19,
          goddamned_bats
Temple:   regret_index_temple_sphere_string

Notes
Turn   | Place    | Note
-------+----------+-------------------------------------------
     0 | D:1      | Jackthecabe the Kobold Brigand began the quest for the Orb.
     0 | D:1      | Reached XP level 1. HP: 12/12 MP: 1/1
    90 | D:1      | Reached skill level 3 in Short Blades
   118 | D:1      | Reached XP level 2. HP: 17/17 MP: 2/2
   226 | D:1      | Reached XP level 3. HP: 21/21 MP: 3/3
   228 | D:1      | Reached skill level 4 in Short Blades
   350 | D:1      | Found a faded altar of an unknown god.
   826 | D:1      | Got the Tome of the Forceful Switch
   945 | D:2      | Found Sokhitext's Armour Boutique.
  1059 | D:2      | Reached skill level 6 in Stealth
  1102 | D:2      | Reached XP level 4. HP: 20/26 MP: 4/4
  1211 | D:2      | Found Usappywn's Weapon Shoppe.
  1308 | D:2      | Found Suano's Book Shop.
  1318 | D:2      | Reached skill level 5 in Short Blades
  1536 | D:2      | Reached XP level 5. HP: 20/30 MP: 5/5
  1626 | D:2      | Found Wosu's General Store.
  1722 | D:2      | Bought a scroll of identify for 28 gold pieces
  1722 | D:2      | Bought a scroll of identify for 28 gold pieces
  1940 | D:3      | Found a transporter.
  1942 | D:3      | Noticed Darkkill's ghost (weakling MiHu)
  2078 | D:3      | Found a transporter.
  2227 | D:3      | Found a hazy altar of Hepliaklqana.
  2728 | D:3      | Reached skill level 6 in Short Blades
  3378 | D:4      | Reached XP level 6. HP: 33/35 MP: 6/6
  3496 | D:3      | Reached skill level 7 in Stealth
  3592 | D:4      | Reached skill level 7 in Short Blades
  3742 | D:4      | Found a staircase to the Ecumenical Temple.
  3767 | Temple   | Entered the Ecumenical Temple
  4081 | D:4      | Noticed an ice beast
  4097 | D:4      | Mangled by an ice beast

Vanquished Creatures
  2 orc priests
  An iguana (D:4)
  3 gnolls (D:4)
  5 adders
  An ufetubus (D:4)
  5 worms
  A dart slug (D:3)
  10 orcs
  9 ball pythons
  An endoplasm (D:4)
  5 giant cockroaches
  7 goblins
  10 hobgoblins
  11 jackals
  6 kobolds
  4 quokkas (D:2)
  6 bats
  2 frilled lizards (D:1)
  8 rats
97 creatures vanquished.

Table legend: (Time is in decaauts)
 A = Elapsed time spent in this place.
 B = Non-inter-level travel time spent in this place.
 C = Inter-level travel time spent in this place.
 D = Time resting spent in this place.
 E = Time spent auto-exploring this place.
 F = Levels seen in this place.
 G = Mean time per level.
                   A        B        C        D        E       F      G
               +--------+--------+--------+--------+--------+-----+--------+
         Total |   3994 |   3869 |    125 |     78 |   3012 |   5 |  798.8 |
       Dungeon |   3756 |   3660 |     96 |     78 |   2818 |   4 |  939.0 |
        Temple |    237 |    208 |     29 |      0 |    194 |   1 |  237.0 |
               +--------+--------+--------+--------+--------+-----+--------+

Top non-repeatable levels by time:
     D:3: 1434 daAuts
     D:1: 920 daAuts
     D:2: 838 daAuts
     D:4: 563 daAuts
  Temple: 237 daAuts

Table legend:
 A = Non-vault XP
 B = Vault XP
 C = Vault XP percentage of total XP
 D = Non-vault monster count
 E = Vault monster count
 F = Vault count percentage of total count
                 A         B        C        D         E       F
            +---------+---------+-------+---------+---------+-------
      Total |     387 |      31 |   7.4 |      88 |       9 |   9.3
            +---------+---------+-------+---------+---------+-------
        D:1 |      45 |       6 |  11.8 |      27 |       3 |  10.0
        D:2 |      73 |      25 |  25.5 |      24 |       6 |  20.0
        D:3 |     110 |       0 |   0.0 |      23 |       0 |   0.0
        D:4 |     159 |       0 |   0.0 |      14 |       0 |   0.0
            +---------+---------+-------+---------+---------+-------
